 Dungeon Crawl Stone Soup version 0.29-a0-352-g0917bc69df (webtiles) character file.

Game seed: 14472458723526094258

31 spaghetti the Sneak (level 3, 0/28 HPs)
             Began as a Gnoll Wanderer on Apr 25, 2022.
             Shot with a sling bullet by a goblin (2 damage)
             ... on level 2 of the Dungeon.
             The game lasted 00:03:40 (1466 turns).

spaghetti the Sneak (Gnoll Wanderer)                Turns: 1466, Time: 00:03:40

Health: 0/28       AC:  3    Str:  9    XL:     3   Next: 22%
Magic:  0/7        EV: 11    Int: 17    God:
Gold:   58         SH:  0    Dex: 15    Spells: 7/7 levels left

rFire   . . .      SeeInvis .   a - +0 dagger {short}
rCold   . . .      Faith    .   (no shield)
rNeg    . . .      Spirit   +   c - +0 robe
rPois   .          Reflect  .   i - +0 helmet
rElec   .          Harm     .   (no cloak)
rCorr   .          Rampage  .   (no gloves)
Will    .....                   (no boots)
Stlth   ++++......              f - amulet of guardian spirit
HPRegen 0.09/turn               (no ring)
MPRegen 0.10/turn               (no ring)

@: no status effects
A: fangs 1, strong nose, distributed training, thin skeletal structure 1, agile
1, clever 1
a: no special abilities


You were on level 2 of the Dungeon.
You visited 1 branch of the dungeon, and saw 2 of its levels.

You collected 58 gold pieces.


Innate Abilities, Weirdness & Mutations

You have very sharp teeth.
Your uncanny sense of smell can sniff out nearby items.
Your experience applies equally to all skills.
You have a somewhat thin skeletal structure. (Dex +2, Stealth+)
You are agile. (Dex +2)
Your mind is acute. (Int +2)


   Skills:
 + Level 2.6 Fighting
 + Level 0.7 Short Blades
 + Level 0.7 Long Blades
 + Level 0.7 Axes
 + Level 0.7 Maces & Flails
 + Level 0.7 Polearms
 + Level 0.7 Staves
 + Level 0.7 Slings
 + Level 0.7 Bows
 + Level 0.7 Crossbows
 + Level 0.7 Throwing
 + Level 0.7 Armour
 + Level 0.7 Dodging
 + Level 6.0 Stealth
 + Level 0.7 Shields
 + Level 0.7 Unarmed Combat
 + Level 2.8 Spellcasting
 + Level 2.1 Conjurations
 + Level 5.4 Hexes
 + Level 0.5 Summonings
 + Level 0.5 Necromancy
 + Level 0.5 Translocations
 + Level 0.5 Transmutations
 + Level 0.5 Fire Magic
 + Level 0.5 Ice Magic
 + Level 0.5 Air Magic
 + Level 0.5 Earth Magic
 + Level 0.5 Poison Magic
 + Level 2.6 Invocations
 + Level 0.7 Evocations


You had 7 spell levels left.
You didn't know any spells.
Your spell library contained the following spells:

 Spells                   Type           Power      Damage    Failure   Level
 Slow                     Hex            80%        N/A       1%          1
 Shock                    Conj/Air       24%        1d4       11%         1
 Dazzling Flash           Conj/Hex       30%        N/A       12%         3
 Portal Projectile        Hex/Tloc       24%        N/A       16%         3
 Cause Fear               Hex            10%        N/A       19%         4

Inventory:

Hand Weapons
 a - a +0 dagger (weapon) {short}
Missiles
 e - 70 stones (quivered) {throwing}
Armour
 c - a +0 robe (worn)
 d - a +0 helmet
 i - a +0 helmet (worn)
   (You found it on level 1 of the Dungeon)
Jewellery
 f - an amulet of guardian spirit (around neck)
   (You found it on level 1 of the Dungeon)
 k - a ring of positive energy
   (You found it on level 1 of the Dungeon)
Scrolls
 g - a scroll of fear {unknown}
 h - a scroll of magic mapping {unknown}
 j - a scroll of noise {unknown}

Dungeon Overview and Level Annotations

Branches:
Dungeon (2/15)

Altars:

Shops:
D:1

! .............
........... .........
####....... .......... #.
......... ##... #....#
#.... #...@# #.... #....#
#....###....# .
#...........#######
..#...........#.......####
..........###.............
#...(...###โ€ #..........
#...gยง....#.#.........
#....??...#.#.......#####.


You could see a goblin.


Message History

There are monsters nearby!
There are monsters nearby!
There are monsters nearby!
You hit the hobgoblin but do no damage. The hobgoblin misses you.
A hobgoblin comes into view.
You hit the hobgoblin but do no damage.
The hobgoblin barely misses you. ๐Ÿ˜• HP[+1]
You hit the hobgoblin.
The hobgoblin hits you but does no damage.
You hit the hobgoblin.
You kill the hobgoblin!
The dart slug launches a dart at you.
The slug dart hits you. ๐Ÿ˜ฎ HP[-4] MP[-1]
You take 4 damage, and now have 21/28 hp.
You lost 1 mp, and now have 6/7 mp.
You closely miss the hobgoblin.
The hobgoblin hits you. ๐Ÿ˜ฎ HP[-3] MP[-1]
You take 3 damage, and now have 18/28 hp.
You lost 1 mp, and now have 5/7 mp.
You hit the hobgoblin.
The hobgoblin hits you but does no damage.
A goblin comes into view. It is wielding a +0 club.
The dart slug launches a dart at you. The slug dart hits you. ๐Ÿ˜ฎ HP[-3]
You take 3 damage, and now have 15/28 hp.
You hit the hobgoblin. The hobgoblin closely misses you.
The dart slug launches a dart at you. The slug dart misses you.
You closely miss the hobgoblin. The hobgoblin misses you.
You hit the hobgoblin. You barely miss the hobgoblin.
You bite the hobgoblin, but do no damage.
The hobgoblin hits you but does no damage.
The dart slug launches a dart at you. The slug dart hits you.
* * * LOW HITPOINT WARNING * * *
๐Ÿ˜จ HP[-5] MP[-1]
You take 5 damage, and now have 10/28 hp.
You lost 1 mp, and now have 4/7 mp.
You barely miss the hobgoblin. Your bite misses the hobgoblin.
The hobgoblin hits you but does no damage.
The goblin unwields a +0 club.
The goblin wields a +0 hunting sling.
The goblin shoots a sling bullet.
The sling bullet misses you.
You hit the hobgoblin but do no damage.
The hobgoblin hits you but does no damage.
The goblin shoots a sling bullet.
The sling bullet hits you.
* * * LOW HITPOINT WARNING * * *
๐Ÿ˜จ HP[-1]
You take 1 damage, and now have 9/28 hp.
It was a potion of mutation.
You feel extremely strange.
You feel clever.
You feel agile.
Your bones become slightly less dense.
The hobgoblin hits you.
* * * LOW HITPOINT WARNING * * *
The goblin shoots a sling bullet.
The sling bullet hits you.
* * * LOW HITPOINT WARNING * * *
๐Ÿ˜ฑ HP[-3] MP[-2]
You take 3 damage, and now have 6/28 hp.
You lost 2 mp, and now have 2/7 mp.
You hit the hobgoblin. You bite the hobgoblin.
You kill the hobgoblin!
The goblin shoots a sling bullet.
The sling bullet barely misses you. ๐Ÿ˜ฑ HP[+1]
You hit the dart slug. The dart slug launches a dart at you.
The slug dart hits you.
* * * LOW HITPOINT WARNING * * *
๐Ÿ˜ฑ HP[-2]
You take 2 damage, and now have 5/28 hp.
You hit the dart slug but do no damage.
The goblin unwields a +0 hunting sling.
The goblin wields a +0 club.
The goblin closely misses you.
The dart slug bites you but does no damage.
You don't know any spells.
You hit the dart slug.
You punch the dart slug, but do no damage.
You hit the dart slug. The goblin hits you but does no damage.
The dart slug misses you.
You hit the dart slug.
You kill the dart slug!
The goblin hits you with a +0 club.
* * * LOW HITPOINT WARNING * * *
Your Stealth skill increases to level 6! ๐Ÿ˜ฑ HP[-1]
You take 1 damage, and now have 4/28 hp.
You aren't carrying any potions.
You aren't carrying any items that you can evoke.
You miss the goblin. The goblin hits you with a +0 club.
* * * LOW HITPOINT WARNING * * *
๐Ÿ˜ฑ HP[-2] MP[-1]
You take 2 damage, and now have 2/28 hp.
You lost 1 mp, and now have 1/7 mp.
You barely miss the goblin. The goblin closely misses you.
Really read
b - a scroll of blinking {!r}?
Blink to where?
Press: ? - help, Dir - move target
As you read the scroll of blinking {!r}, it crumbles to dust.
The goblin unwields a +0 club.
The goblin wields a +0 hunting sling.
The goblin shoots a sling bullet.
The sling bullet hits you.
You die...

Skill      XL: |  1  2  3 |
---------------+----------+-----
Conjurations   | 2 |  2.1
Stealth        | 6 |  6.0
Fighting       | |  2.6
Short Blades   | |  0.7
Long Blades    | |  0.7
Axes           | |  0.7
Maces & Flails | |  0.7
Polearms       | |  0.7
Staves         | |  0.7
Slings         | |  0.7
Bows           | |  0.7
Crossbows      | |  0.7
Throwing       | |  0.7
Armour         | |  0.7
Dodging        | |  0.7
Shields        | |  0.7
Unarmed Combat | |  0.7
Spellcasting   | |  2.8
Hexes          | |  5.4
Summonings     | |  0.5
Necromancy     | |  0.5
Translocations | |  0.5
Transmutations | |  0.5
Fire Magic     | |  0.5
Ice Magic      | |  0.5
Air Magic      | |  0.5
Earth Magic    | |  0.5
Poison Magic   | |  0.5
Invocations    | |  2.6
Evocations     | |  0.7

Action                   || total
-------------------------++-------
Melee: Dagger            ||   112
       Bite              ||     8
       Punch             ||     2
  Use: Scroll            ||     1
       Potion            ||     1
 Stab: Sleeping          ||     6
Armor: Robe              ||    37
Dodge: Dodged            ||    72

Levels and vault maps discovered:
D:1:      minmay_arrival_four_circles, layout_basic, serial_shops,
          shop_fountains, nicolae_figureground_sparkle
D:2:      layout_basic, nicolae_ecumenical_lake_church, uniq_robin

Notes
Turn   | Place    | Note
-------+----------+-------------------------------------------
     0 | D:1      | spaghetti the Gnoll Wanderer began the quest for the Orb.
     0 | D:1      | spaghetti set off with the following items: a +0 dagger
                  | {short}, a scroll of blinking {!r}, a +0 robe, a +0 helmet;
                  | and the following spells available to memorise: Slow,
                  | Shock, Dazzling Flash, Portal Projectile, Cause Fear
     0 | D:1      | Reached XP level 1. HP: 17/17 MP: 4/4
     0 | D:1      | magus.rc [v1.9.6]
   107 | D:1      | Reached skill level 2 in Conjurations
   169 | D:1      | Reached XP level 2. HP: 8/23 MP: 3/5
   172 | D:1      | HP: 5/23 [jackal (3)]
   176 | D:1      | HP: 2/23 [jackal (2)]
   613 | D:1      | Found Widuzaik's Distillery.
  1361 | D:2      | Reached XP level 3. HP: 23/28 MP: 5/7
  1457 | D:2      | Gained mutation: Your mind is acute. (Int +2) [potion of
                  | mutation]
  1457 | D:2      | Gained mutation: You are agile. (Dex +2) [potion of
                  | mutation]
  1457 | D:2      | Gained mutation: You have a somewhat thin skeletal
                  | structure. (Dex +2, Stealth+) [potion of mutation]
  1457 | D:2      | HP: 6/28 [goblin/sling bullet (2)]
  1463 | D:2      | HP: 4/28 [goblin/+0 club (1)]
  1464 | D:2      | Reached skill level 6 in Stealth
  1466 | D:2      | Shot with a sling bullet by a goblin

Vanquished Creatures
  3 dart slugs
  A ball python (D:1)
  A giant cockroach (D:1)
  4 goblins
  3 hobgoblins (D:2)
  2 jackals (D:1)
  A quokka (D:1)
  A bat (D:1)
  A frilled lizard (D:1)
  2 kobolds (D:1)
  4 rats (D:1)
23 creatures vanquished.

Table legend:
 A = Non-vault XP
 B = Vault XP
 C = Vault XP percentage of total XP
 D = Non-vault monster count
 E = Vault monster count
 F = Vault count percentage of total count
                 A         B        C        D         E       F
            +---------+---------+-------+---------+---------+-------
      Total |      45 |       0 |   0.0 |      23 |       0 |   0.0
            +---------+---------+-------+---------+---------+-------
        D:1 |      29 |       0 |   0.0 |      17 |       0 |   0.0
        D:2 |      16 |       0 |   0.0 |       6 |       0 |   0.0
            +---------+---------+-------+---------+---------+-------

Illustrated notes

Table legend:
 A = Kills in this place as a percentage of kills in entire the game.
 B = Kills by you in this place as a percentage of kills by you in the entire game.
 C = Kills by friends in this place as a percentage of kills by friends in the entire game.
 D = Other kills in this place as a percentage of other kills in the entire game.
 E = Experience gained in this place as a percentage of experience gained in the entire game.
 F = Experience gained in this place divided by the number of levels of this place that you have seen.
                   A       B       C       D       E      F
               +-------+-------+-------+-------+-------+----------------------
         Total | 100.0 | 100.0 |   N/A |   N/A | 100.0 |  22.5
       Dungeon | 100.0 | 100.0 |   N/A |   N/A | 100.0 |  22.5
               +-------+-------+-------+-------+-------+----------------------

Table legend: (Time is in decaauts)
 A = Elapsed time spent in this place.
 B = Non-inter-level travel time spent in this place.
 C = Inter-level travel time spent in this place.
 D = Time resting spent in this place.
 E = Time spent auto-exploring this place.
 F = Levels seen in this place.
 G = Mean time per level.
                   A        B        C        D        E       F      G
               +--------+--------+--------+--------+--------+-----+--------+
         Total |   1464 |   1450 |     14 |    457 |    765 |   2 |  732.0 |
       Dungeon |   1464 |   1450 |     14 |    457 |    765 |   2 |  732.0 |
               +--------+--------+--------+--------+--------+-----+--------+

Top non-repeatable levels by time:
     D:1: 1320 daAuts
     D:2: 143 daAuts
